 Dungeon Crawl Stone Soup version 0.31.0-11-ge490571c62 (webtiles) character file.

Game seed: 5788316661744163327

56 hikkokomori the Shooter (level 4, -12/34 HPs)
             Began as a Formicid Wanderer on Feb 3, 2024.
             Mangled by Sigmund
             ... wielding a +0 heavy scythe
              (19 damage)
             ... on level 2 of the Dungeon.
             The game lasted 00:01:48 (924 turns).

hikkokomori the Shooter (Formicid Wanderer)          Turns: 924, Time: 00:01:48

Health: -12/34     AC:  4    Str: 16    XL:     4   Next: 17%
Magic:  4/7        EV: 11    Int: 12    God:
Gold:   144        SH:  0    Dex: 15    Spells: 6/7 levels left

rFire   . . .        a - +2 sling
rCold   . . .        (no shield)
rNeg    . . .        d - +0 leather armour
rPois   .            (helmet unavailable)
rElec   .            (no cloak)
rCorr   .            (no gloves)
SInv    +            l - +0 pair of boots
Will    .....        (no amulet)
Stlth   +            (no ring)
HPRegen 0.25/turn    (no ring)
MPRegen 0.10/turn

%: no passive effects
@: confused
A: permanent stasis, dig shafts and tunnels, antennae 3, four strong arms
a: Dig, Shaft Self


You were on level 2 of the Dungeon.
You visited 1 branch of the dungeon, and saw 2 of its levels.

You collected 144 gold pieces.

Inventory:

Hand Weapons
 a - a +2 sling (weapon)
Missiles
 m - 4 darts of dispersal
Armour
 d - a +0 leather armour (worn)
 l - a +0 pair of boots (worn)
Wands
 b - a wand of polymorph (3)
Scrolls
 f - a scroll of teleportation {unknown}
 g - a scroll of silence {unknown}
 h - a scroll of identify {unknown}
 j - 3 scrolls of fog {unknown}
Potions
 c - a potion of invisibility
 e - a potion of curing
 i - a potion of haste {unknown}
 k - a potion of degeneration {unknown}


   Skills:
 + Level 2.5 Fighting
 + Level 4.7 Ranged Weapons
 - Level 2.1 Spellcasting
 - Level 2.4 Earth Magic
 - Level 2.1 Evocations


You had 6 spell levels left.
You knew the following spells:

 Your Spells              Type           Power      Damage    Failure   Level
a - Sandblast             Erth           14%        2d6       12%         1

Your spell library contained the following spells:

 Spells                   Type           Power      Damage    Failure   Level
 Passwall                 Erth           7%         N/A       36%         3
 Lesser Beckoning         Tloc           2%         N/A       45%         2
 Gell's Gravitas          Tloc           1%         N/A       69%         3
 Teleport Other           Tloc           1%         N/A       69%         3


Dungeon Overview and Level Annotations

Branches:
Dungeon (2/15)

Altars:

Annotations:
D:2 Sigmund


Innate Abilities, Weirdness & Mutations

You cannot be hasted, slowed, berserked, paralysed or teleported.
You can dig through walls and to a lower floor.
You have a pair of large antennae on your head. (SInv)
Your four strong arms can wield two-handed weapons with a shield.


Message History

Casting: Sandblast (safe; 12% risk of failure)
Confirm with . or Enter, or press ? or * to list all spells.
Aiming: Sandblast (safe; 12% risk of failure)
Press: ? - help, Shift-Dir - straight line, f/p - Sigmund
Aim: Sigmund, wielding a +0 heavy scythe and wearing a +2 robe of cold resistance (moderately wounded, 78% to hit)
The blast of sand hits Sigmund but does no damage.
Sigmund is moderately wounded.
Unknown command.
Unknown command.
Casting: Sandblast (safe; 12% risk of failure)
Confirm with . or Enter, or press ? or * to list all spells.
Aiming: Sandblast (safe; 12% risk of failure)
Press: ? - help, Shift-Dir - straight line, f/p - Sigmund
Aim: Sigmund, wielding a +0 heavy scythe and wearing a +2 robe of cold resistance (moderately wounded, 78% to hit)
The blast of sand hits Sigmund.
Sigmund is moderately wounded.
Sigmund closely misses you.
Unknown command.
Casting: Sandblast (safe; 12% risk of failure)
Confirm with . or Enter, or press ? or * to list all spells.
Aiming: Sandblast (safe; 12% risk of failure)
Press: ? - help, Shift-Dir - straight line, f/p - Sigmund
Aim: Sigmund, wielding a +0 heavy scythe and wearing a +2 robe of cold resistance (moderately wounded, 78% to hit)
The blast of sand hits Sigmund but does no damage.
Sigmund is moderately wounded.
Sigmund casts a spell at you.
You are confused.
Unknown command.
You're too confused to cast spells.
Unknown command.
Sigmund hits you from afar with a +0 heavy scythe!!
Ouch! That really hurt!
* * * LOW HITPOINT WARNING * * *
Unknown command.
You bump into the rock wall.
You bump into the rock wall.
Sigmund hits you from afar with a +0 heavy scythe!!
Ouch! That really hurt!
You die...
Sigmund begins carving another notch in his scythe.

########## #...@.@..##
#....####..# #####
....####....# ##...## ..#
##......###.....# { #
#................####
#####................#..#
###..####.......###...##..#
###).....####...#.#
##).##..#
####....##....####.#.#
#..##..#


You could see Sigmund.

Vanquished Creatures
  An adder (D:2)
  A ribbon worm (D:2)
  2 dart slugs (D:1)
  A ball python (D:2)
  6 endoplasms
  A giant cockroach (D:2)
  4 goblins
  2 hobgoblins (D:1)
  6 kobolds
  2 quokkas
  A bat (D:1)
  9 frilled lizards
  4 rats
40 creatures vanquished.

Notes
Turn   | Place    | Note
-------+----------+-------------------------------------------
     0 | D:1      | hikkokomori the Formicid Wanderer began the quest for the
                  | Orb.
     0 | D:1      | hikkokomori set off with the following items: a +2 sling, a
                  | wand of polymorph (3), a potion of invisibility, a +0
                  | leather armour; and the following spell memorised:
                  | Sandblast; and the following spells available to memorise:
                  | Passwall.
     0 | D:1      | Reached XP level 1. HP: 13/13 MP: 3/3
   102 | D:1      | Reached skill level 1 in Fighting
   102 | D:1      | Reached XP level 2. HP: 21/21 MP: 5/5
   227 | D:1      | Reached XP level 3. HP: 27/27 MP: 6/6
   274 | D:1      | Found a faded altar of an unknown god.
   763 | D:2      | Reached XP level 4. HP: 34/34 MP: 7/7
   904 | D:2      | Noticed Sigmund
   924 | D:2      | Mangled by Sigmund

Illustrated notes

Levels and vault maps discovered:
D:1:      dpeg_arrival_shelter, layout_rooms, ebering_ecumenical_altar_rust,
          minmay_heptomino_d4
D:2:      minmay_wonky_spiral, layout_loops_ring, minmay_misc_feat_x,
          serial_bayou_pond_b, uniq_sigmund, uniq_terence

Skill      XL: |  1  2  3 |
---------------+----------+-----
Fighting       | 1 2 |  2.5
Ranged Weapons | |  4.7
Spellcasting   | |  2.1
Earth Magic    | |  2.4
Evocations     | |  2.1

Action                     |  1- 3 |  4- 6 || total
---------------------------+-------+-------++-------
   Fire: Sling             |   104 |    32 ||   136
   Cast: Sandblast         |       |     4 ||     4
    Use: Potion            |       |     1 ||     1
 Armour: Leather armour    |    11 |     9 ||    20
  Dodge: Dodged            |    21 |     5 ||    26
